 Dungeon Crawl Stone Soup version 0.23-a0-175-g97aacdb (webtiles) character file.

72 Amnesiac the Chiller (level 4, -5/30 HPs)
             Began as a Mummy Ice Elementalist on Sept 17, 2018.
             Killed from afar by an orc wizard (6 damage)
             ... with a magic dart
             ... on level 4 of the Dungeon.
             The game lasted 00:03:45 (856 turns).

Amnesiac the Chiller (Mummy Ice Elementalist)        Turns: 856, Time: 00:03:46

Health: -5/30      AC:  3    Str: 11    XL:     4   Next: 6%
Magic:  2/9        EV: 11    Int: 15    God:
Gold:   22         SH:  0    Dex: 12    Spells: 0/10 levels left

rFire    x . .     SeeInvis .   f - +1 dagger (elec)
rCold    + . .     Gourm    .   (no shield)
rNeg     + + +     Faith    .   c - +0 leather armour
rPois    ∞         Spirit   .   (no helmet)
rElec    .         Reflect  .   (no cloak)
rCorr    .         Harm     .   (no gloves)
MR       .....                  (no boots)
Stlth    +.........             (no amulet)
HPRegen  0.10/turn              (no ring)
MPRegen  0.11/turn              (no ring)

@: no status effects
A: no food or potions, fire vulnerability, cold resistance 1, negative energy
resistance 3, torment resistance, unbreathing
a: no special abilities


You were on level 4 of the Dungeon.
You were not hungry.

You visited 1 branch of the dungeon, and saw 4 of its levels.

You collected 22 gold pieces.

Inventory:

Hand Weapons
 f - a +1 dagger of electrocution (weapon)
Missiles
 d - 5 javelins (quivered)
Armour
 c - a +0 leather armour (worn)
Scrolls
 b - a scroll of identify {!r}
 e - a scroll of teleportation {!r}


   Skills:
 - Level 1.5 Dodging
 - Level 1.5 Stealth
 + Level 3.6 Spellcasting
 - Level 0.7 Conjurations
 * Level 3.7 Ice Magic


You couldn't memorise any spells.
You knew the following spells:

 Your Spells              Type           Power        Failure   Level  Hunger
a - Freeze                Ice            ##..         5%          1    N/A
d - Throw Icicle          Conj/Ice       #.......     69%         4    N/A
e - Throw Frost           Conj/Ice       #.....       16%         2    N/A
z - Ozocubu's Armour      Chrm/Ice       #.......     34%         3    N/A

Your spell library contained the following spells:

 Spells                   Type           Power        Failure   Level  Hunger
 Summon Ice Beast         Ice/Summ       #.......     75%         4    N/A

Dungeon Overview and Level Annotations

Branches:
Dungeon (4/15)
 Temple: D:4-7

Altars:


Innate Abilities, Weirdness & Mutations

You do not eat or drink.
Your flesh is vulnerable to fire.
You are immune to poison.
Your flesh is cold resistant. (rC+)
You are immune to negative energy. (rN+++)
You are immune to unholy pain and torment.
You can survive without breathing.


Message History

Press: ? - help, Shift-Dir - straight line, f/p - orc
Aim: an orc, wielding a short sword (severely wounded)
You freeze the orc.
You kill the orc!
An orc comes into view. It is wielding a falchion.
An orc wizard comes into view. It is wielding a dagger.
The orc hits you but does no damage.
An orc comes into view. It is wielding a club.
Things that are here:
a short sword; an orc corpse
Casting: Freeze (safe; 5% risk of failure)
Confirm with . or Enter, or press ? or * to list all spells.
Aiming: Freeze (safe; 5% risk of failure)
Press: ? - help, Shift-Dir - straight line, f - orc
Aim: an orc, wielding a falchion You freeze the orc.
The orc is almost dead.
The orc shouts!
The orc wizard casts a spell.
The orc wizard seems to speed up.
The orc hits you with a falchion.
Casting: Freeze (safe; 5% risk of failure)
Confirm with . or Enter, or press ? or * to list all spells.
Aiming: Freeze (safe; 5% risk of failure)
Press: ? - help, Shift-Dir - straight line, f/p - orc
Aim: an orc, wielding a falchion (almost dead)
You freeze the orc.
You kill the orc!
The orc wizard hits you but does no damage.
Casting: Freeze (safe; 5% risk of failure)
Confirm with . or Enter, or press ? or * to list all spells.
Aiming: Freeze (safe; 5% risk of failure)
Press: ? - help, Shift-Dir - straight line, f - orc wizard
Aim: an orc wizard, wielding a dagger and wearing a robe (fast)
You freeze the orc wizard.
The orc wizard is lightly wounded.
The orc wizard casts a spell at you. The magic dart hits you!
Casting: Freeze (safe; 5% risk of failure)
Confirm with . or Enter, or press ? or * to list all spells.
Aiming: Freeze (safe; 5% risk of failure)
Press: ? - help, Shift-Dir - straight line, f/p - orc wizard
Aim: an orc wizard, wielding a dagger and wearing a robe (lightly wounded, You freeze the orc wizard.
The orc wizard is moderately wounded.
The orc wizard casts a spell at you. The magic dart hits you!
* * * LOW HITPOINT WARNING * * *
Casting: Freeze (safe; 5% risk of failure)
Confirm with . or Enter, or press ? or * to list all spells.
Aiming: Freeze (safe; 5% risk of failure)
Press: ? - help, Shift-Dir - straight line, f/p - orc wizard
Aim: an orc wizard, wielding a dagger and wearing a robe (moderately wounded, You freeze the orc wizard.
The orc wizard is heavily wounded.
The orc wizard gestures at you while chanting.
The magic dart hits you!
* * * LOW HITPOINT WARNING * * *
The orc barely misses you. The orc wizard casts a spell at you.
The magic dart hits you!
* * * LOW HITPOINT WARNING * * *
The orc wizard gestures at you while chanting.
The magic dart hits you!
You die...

#.. #.# #.# #.#
#.#
#.#.###.###.#
.......oo...#
#)# #@# #(# ###
#(# #.#
#(#####.##
#........#
#######.## #.#
#.#
########.#####.


You could see an orc wizard and an orc.

Vanquished Creatures
  Jessica (D:2)
  2 adders
  A dart slug (D:1)
  2 orcs (D:4)
  A giant cockroach (D:2)
  3 hobgoblins
  5 jackals
  A kobold (D:1)
  4 bats
  A frilled lizard (D:1)
  3 rats
24 creatures vanquished.

Vanquished Creatures (others)
  A plant (D:2)
1 creature vanquished.

Grand Total: 25 creatures vanquished

Notes
Turn   | Place    | Note
-------+----------+-------------------------------------------
     0 | D:1      | Amnesiac the Mummy Ice Elementalist began the quest for the
                  | Orb.
     0 | D:1      | Reached XP level 1. HP: 13/13 MP: 4/4
   205 | D:1      | Reached XP level 2. HP: 17/19 MP: 1/5
   377 | D:1      | Learned a level 2 spell: Throw Frost
   578 | D:2      | Noticed Jessica
   587 | D:2      | Killed Jessica
   587 | D:2      | Reached XP level 3. HP: 24/24 MP: 0/7
   592 | D:2      | Learned a level 3 spell: Ozocubu's Armour
   826 | D:4      | Reached XP level 4. HP: 30/30 MP: 6/9
   832 | D:4      | Learned a level 4 spell: Throw Icicle
   856 | D:4      | HP: 1/30 [orc wizard/magic dart (7)]
   856 | D:4      | Killed from afar by an orc wizard

Vault maps used:
D:1:      eino_arrival_cavern_d
D:2:      minmay_misc_feat_alley, kennysheep_boxes, uniq_robin, uniq_jessica
D:3:      first_ration, uniq_grinder
D:4:      kennysheep_spiral_hall, minmay_misc_feat_plants, tgw_fedhas

Skill      XL: |  1  2 |
---------------+-------+-----
Ice Magic      | 3 |  3.7
Spellcasting   | 3 |  3.6
Dodging        | |  1.5
Stealth        | |  1.5
Conjurations   | |  0.7

Action                   |  1- 3 |  4- 6 || total
-------------------------+-------+-------++-------
Melee: Unarmed           |     6 |       ||     6
       Dagger            |    10 |       ||    10
 Cast: Freeze            |    40 |     7 ||    47
  Use: Scroll            |     3 |       ||     3
Armor: Leather armour    |    10 |     1 ||    11
Dodge: Dodged            |    33 |     5 ||    38

Table legend:
 A = Non-vault XP
 B = Vault XP
 C = Vault XP percentage of total XP
 D = Non-vault monster count
 E = Vault monster count
 F = Vault count percentage of total count
                 A         B        C        D         E       F
            +---------+---------+-------+---------+---------+-------
      Total |      66 |      37 |  35.9 |      23 |       1 |   4.2
            +---------+---------+-------+---------+---------+-------
        D:1 |      20 |       0 |   0.0 |      11 |       0 |   0.0
        D:2 |      13 |      37 |  74.0 |       8 |       1 |  11.1
        D:3 |      13 |       0 |   0.0 |       1 |       0 |   0.0
        D:4 |      20 |       0 |   0.0 |       3 |       0 |   0.0
            +---------+---------+-------+---------+---------+-------
